 Dungeon Crawl Stone Soup version 0.28-a0-537-g3bccd9ccbf (webtiles) character file.

Game seed: 17389949029037082261

47 muata the Ruffian (level 3, -15/29 HPs)
             Began as a Draconian Transmuter on Sept 27, 2021.
             Demolished by Crazy Yiuf (16 damage)
             ... on level 2 of the Dungeon.
             The game lasted 00:06:08 (2613 turns).

muata the Ruffian (Draconian Transmuter)            Turns: 2613, Time: 00:06:09

Health: -15/29     AC:  6    Str: 12    XL:     3   Next: 48%
Magic:  6/6        EV: 12    Int: 14    God:
Gold:   52         SH:  0    Dex: 11    Spells: 3/7 levels left

rFire   + . .      SeeInvis .   a - staff of fire
rCold   . . .      Faith    .   (no shield)
rNeg    . . .      Spirit   .   (armour unavailable)
rPois   .          Reflect  .   (helmet restricted)
rElec   .          Harm     .   (no cloak)
rCorr   .          Rampage  .   (no gloves)
Will    .....                   f - +0 pair of boots
Stlth   +.........              j - amulet of the acrobat
HPRegen 0.09/turn               (no ring)
MPRegen 0.10/turn               (no ring)

@: no status effects
A: AC +5, unfitting armour, cold-blooded
a: no special abilities


You were on level 2 of the Dungeon.
You visited 1 branch of the dungeon, and saw 2 of its levels.

You collected 52 gold pieces.

Inventory:

Hand Weapons
 e - a +2 whip of distortion
Armour
 f - a +0 pair of boots (worn)
Magical Staves
 a - a staff of fire (weapon)
Jewellery
 d - an amulet of faith
 j - an amulet of the acrobat (around neck)
 k - a ring of wizardry
Scrolls
 b - 3 scrolls of identify {unknown}
 h - 3 scrolls of teleportation {unknown}
 i - a scroll of fog {unknown}
Potions
 c - a potion of degeneration {unknown}
 g - 2 potions of curing {unknown}


   Skills:
 + Level 2.2 Fighting
 - Level 1.7 Dodging
 - Level 3.0 Unarmed Combat
 + Level 2.6 Spellcasting
 + Level 2.8 Transmutations


You had 3 spell levels left.
You knew the following spells:

 Your Spells              Type           Power      Damage    Failure   Level
a - Beastly Appendage     Tmut           18%        N/A       7%          1
b - Wereblood             Tmut           9%         N/A       11%         2
c - Shock                 Conj/Air       4%         1d3       22%         1

Your spell library contained the following spells:

 Spells                   Type           Power      Damage    Failure   Level
 Spider Form              Tmut/Pois      2%         N/A       36%         3
 Swiftness                Air            1%         N/A       56%         3
 Ice Form                 Ice/Tmut       5%         N/A       77%         4
 Airstrike                Air            0%         N/A       92%         4


Dungeon Overview and Level Annotations

Branches:
Dungeon (2/15)

Altars:
Makhleb

Shops:
D:2 (

Annotations:
D:2 Crazy Yiuf


Innate Abilities, Weirdness & Mutations

Your plain brown scales are hard. (AC +5)
You cannot fit into any form of body armour.
You are cold-blooded and may be slowed by cold attacks.


Message History

You hit Crazy Yiuf. Your headbutt misses Crazy Yiuf.
Crazy Yiuf is lightly wounded.
Crazy Yiuf hits you with a +2 quarterstaff of chaos.
* * * LOW HITPOINT WARNING * * *
You feel yourself slow down. Crazy Yiuf freezes you.
* * * LOW HITPOINT WARNING * * *
You hit Crazy Yiuf. You headbutt Crazy Yiuf.
Crazy Yiuf is moderately wounded.
Your horns disappear.
Your talons disappear.
Your +0 pair of boots unmelds from your body.
Crazy Yiuf screams, "Proton seventy Hive!"
Crazy Yiuf misses you.
Crazy Yiuf hits you with a +2 quarterstaff of chaos.
* * * LOW HITPOINT WARNING * * *
Unknown command.
You barely miss Crazy Yiuf.
Crazy Yiuf is moderately wounded.
You feel yourself speed up. Crazy Yiuf closely misses you.
You hit Crazy Yiuf.
Crazy Yiuf is heavily wounded.
Crazy Yiuf whimpers, "Cards!
Prologue light sanguine."
Crazy Yiuf barely misses you.
Crazy Yiuf grits, "Cholesterol pontify song!"
Crazy Yiuf closely misses you.
You hit Crazy Yiuf. Your punch misses Crazy Yiuf.
Crazy Yiuf is heavily wounded.
Crazy Yiuf closely misses you.
You hit Crazy Yiuf.
Crazy Yiuf is severely wounded.
Crazy Yiuf misses you.
You hit Crazy Yiuf.
You tail-slap Crazy Yiuf, but do no damage.
Crazy Yiuf is almost dead.
Crazy Yiuf barely misses you.
You barely miss Crazy Yiuf.
Crazy Yiuf is almost dead.
Crazy Yiuf hits you with a +2 quarterstaff of chaos!
Ouch! That really hurt!
You die...

......>........###########
........####.............#
##.)##.## #.#########.###
##.##.# ### ### ###.##.##
........# ####.#.###♣♣ ###
####.#...#.♣♣ ♣♣#..)#
............♣♣♣♣@g...#
###........P.♣..♣#...# #
#......#P.♣.♣♣♣ ###
###.....##♣♣♣♣♣ .##.....#
.##.##..## ### ###
.....#...#####.# #.#
.##..##........# #.#
###............# #.#


You could see Crazy Yiuf.

Vanquished Creatures
  2 adders (D:2)
  2 dart slugs (D:1)
  2 endoplasms (D:1)
  A giant cockroach (D:1)
  A goblin (D:2)
  A hobgoblin (D:2)
  3 kobolds (D:1)
  2 quokkas (D:2)
  2 ball pythons (D:2)
  4 bats
  2 frilled lizards
  4 rats
26 creatures vanquished.

Notes
Turn   | Place    | Note
-------+----------+-------------------------------------------
     0 | D:1      | muata the Draconian Transmuter began the quest for the Orb.
     0 | D:1      | Reached XP level 1. HP: 16/16 MP: 3/3
   542 | D:1      | Reached XP level 2. HP: 23/23 MP: 5/5
  1083 | D:1      | Learned a level 2 spell: Wereblood
  1515 | D:2      | Found Olufesib's Antique Weapon Boutique.
  1541 | D:2      | Reached XP level 3. HP: 29/29 MP: 6/6
  1714 | D:2      | Learned a level 1 spell: Shock
  1859 | D:2      | Found a runed translucent door.
  1860 | D:2      | Noticed Crazy Yiuf
  2043 | D:2      | Found a burning altar of Makhleb.
  2606 | D:2      | HP: 1/29 [Crazy Yiuf (2)]
  2613 | D:2      | Demolished by Crazy Yiuf

Illustrated notes

Levels and vault maps discovered:
D:1:      lightli_arrival_flooded_house, layout_basic,
          chequers_serial_rivers_large_b
D:2:      layout_basic, basic_altar, serial_shops, shop, serial_bayou_crossing,
          uniq_crazy_yiuf_cottage

Skill      XL: |  1  2 |
---------------+-------+-----
Fighting       | 2 |  2.2
Dodging        | |  1.7
Unarmed Combat | |  3.0
Spellcasting   | |  2.6
Transmutations | |  2.8

Action                   || total
-------------------------++-------
Melee: Staff             ||   113
       Kick              ||     9
       Headbutt          ||     8
       Tailslap          ||     6
       Punch             ||     1
 Cast: Beastly Appendage ||    12
Armor: Skin              ||    44
Dodge: Dodged            ||    79

Table legend: (Time is in decaauts)
 A = Elapsed time spent in this place.
 B = Non-inter-level travel time spent in this place.
 C = Inter-level travel time spent in this place.
 D = Time resting spent in this place.
 E = Time spent auto-exploring this place.
 F = Levels seen in this place.
 G = Mean time per level.
                   A        B        C        D        E       F      G
               +--------+--------+--------+--------+--------+-----+--------+
         Total |   2674 |   2674 |      0 |    727 |   1568 |   2 | 1337.0 |
       Dungeon |   2674 |   2674 |      0 |    727 |   1568 |   2 | 1337.0 |
               +--------+--------+--------+--------+--------+-----+--------+

Top non-repeatable levels by time:
     D:1: 1345 daAuts
     D:2: 1328 daAuts
